 Dungeon Sprint DCSS version 0.29-a0-356-g7bc237e783 (webtiles) character file.

Game seed: 12890818410902293538

8470 HendSelp the Swashbuckler (level 11, -10/79 HPs)
             Began as a Tengu Monk on Apr 26, 2022.
             Was the Champion of Dithmenos.
             Killed from afar by a war gargoyle (18 damage)
             ... with a spray of metal splinters
             ... in the Dungeon (Sprint V: "Ziggurat Sprint").
             The game lasted 00:04:50 (1359 turns).

HendSelp the Swashbuckler (Tengu Monk)              Turns: 1359, Time: 00:04:51

Health: -10/79     AC:  4    Str: 13    XL:     11   Next: 31%
Magic:  12/12      EV: 42    Int:  7    God:    Dithmenos [******]
Gold:   0          SH:  0    Dex: 34    Spells: 10/10 levels left

rFire   + . .      SeeInvis +   x - +5 rapier
rCold   + . .      Faith    .   (no shield)
rNeg    + . .      Spirit   .   b - +0 robe
rPois   +          Reflect  .   a - +1 hat {SInv}
rElec   +          Harm     .   (no cloak)
rCorr   +          Rampage  .   t - +0 pair of gloves of the Stone Wall {rN+ Int-3 Dex+2}
Will    .....      NoTele   +   (boots unavailable)
Stlth   +++++++++.              y - amulet of the acrobat
HPRegen 0.23/turn               u - +6 ring of dexterity
MPRegen 0.13/turn               v - +6 ring of dexterity

@: mighty, resistant, flying quickly and evasively, hasted, wreathed by umbra,
studying Fighting, very quick
A: beak, talons 3, nimble flight
a: Renounce Religion, Shadow Step, Shadow Form


You were in the Dungeon.
You worshipped Dithmenos.
Dithmenos was exalted by your worship.
You visited 1 branch

Inventory:

Hand Weapons
 w - a +5 quick blade
 x - a +5 rapier (weapon)
Armour
 a - a +1 hat of see invisible (worn)
 b - a +0 robe (worn)
 t - the +0 pair of gloves of the Stone Wall (worn) {rN+ Int-3 Dex+2}
   (You found it in the Dungeon)

   Int:       It affects your intelligence (-3).
   Dex:       It affects your dexterity (+2).
   rN:        It protects you from negative energy.
 z - the +4 ring mail "Cigo Kuij" {Str+4 Int+3}
   (You found it in the Dungeon)

   Str:       It affects your strength (+4).
   Int:       It affects your intelligence (+3).
Jewellery
 u - a +6 ring of dexterity (left hand)
 v - a +6 ring of dexterity (right hand)
 y - an amulet of the acrobat (around neck)
 D - the ring "Woinola" {+Blink rCorr EV+4 Str+2 Int-4}
   (You found it in the Dungeon)

   [ring of evasion]

   EV:        It affects your evasion (+4).
   Str:       It affects your strength (+2).
   Int:       It affects your intelligence (-4).
   +Blink:    It lets you blink.
   rCorr:     It protects you from acid and corrosion.
 E - the ring "Kiphifu" {Will++ rCorr SInv}
   (You found it in the Dungeon)

   [ring of resist corrosion]

   SInv:      It lets you see invisible.
   rCorr:     It protects you from acid and corrosion.
   Will:      It greatly increases your willpower.
 F - a ring of poison resistance
Wands
 A - a wand of mindburst (7)
 B - a wand of iceblast (7)
 C - a wand of acid (7)
Scrolls
 i - 3 scrolls of blinking
 o - 4 scrolls of amnesia
 p - 7 scrolls of fog
 q - 2 scrolls of holy word
 r - 5 scrolls of identify
 s - 2 scrolls of fear
Potions
 c - a potion of ambrosia
 d - 10 potions of curing
 e - 5 potions of heal wounds
 f - 4 potions of haste
 g - 7 potions of magic
 h - 3 potions of berserk rage
 j - 2 potions of brilliance
 k - 2 potions of invisibility
 l - 2 potions of resistance
 n - 3 potions of might
Miscellaneous
 m - a condenser vane (inert)


   Skills:
 * Level 13.6 Fighting
 * Level 18.1 Short Blades
 * Level 3.5 Armour
 + Level 17.6 Dodging
 + Level 7.5 Stealth
 + Level 1.3 Evocations


You had 10 spell levels left.
You didn't know any spells.
Your spell library contained the following spells:

 Spells                   Type           Power      Damage    Failure   Level
 Beastly Appendage        Tmut           0%         N/A       43%         1
 Blink                    Tloc           0%         N/A       56%         2
 Sublimation of Blood     Necr           0%         N/A       56%         2
 Conjure Flame            Conj/Fire      0%         6-21      80%         3
 Dazzling Flash           Conj/Hex       0%         N/A       80%         3
 Ignite Poison            Fire/Tmut/Pois 0%         N/A       80%         3
 Inner Flame              Hex/Fire       0%         N/A       80%         3
 Lesser Beckoning         Tloc           0%         N/A       80%         3
 Summon Guardian Golem    Hex/Summ       0%         N/A       80%         3
 Petrify                  Tmut/Erth      0%         N/A       99%         4
 Agony                    Necr           0%         N/A       100%        5
 Alistair's Intoxication  Tmut/Pois      0%         N/A       100%        5
 Fireball                 Conj/Fire      0%         3d3       100%        5
 Irradiate                Conj/Tmut      0%         3d13      100%        5
 Manifold Assault         Tloc           0%         N/A       100%        5
 Silence                  Hex/Air        0%         N/A       100%        5
 Orb of Destruction       Conj           0%         9d5       100%        7
 Spellforged Servitor     Conj/Summ      0%         N/A       100%        7
 Borgnjor's Revivificati  Necr           0%         N/A       100%        8
 Necromutation            Tmut/Necr      0%         N/A       100%        8
 Death's Door             Necr           0%         N/A       100%        9


Dungeon Overview and Level Annotations

Branches:
Dungeon (1/1)

Altars:
Ashenzari
Cheibriados
Dithmenos
Elyvilon
Fedhas
Gozag
Hepliaklqana
Kikubaaqudgha
Makhleb
Nemelex Xobeh
Okawaru
Qazlal
Ru
Sif Muna
Trog
Uskayaw
Vehumet
Wu Jian
Xom
Yredelemnul
Zin
The Shining One
Beogh
Jiyva
Lugonu


Innate Abilities, Weirdness & Mutations

You have a beak for a mouth.
You have claws for feet.
Your magical nature lets you fly swiftly and evasively.


Message History

You peck the war gargoyle!
The war gargoyle is severely damaged.
Your shadow hits the war gargoyle but does no damage.
The war gargoyle completely misses you.
You puncture the war gargoyle! You claw the war gargoyle.
You destroy the war gargoyle!
Dithmenos accepts your kill.
Your Short Blades skill increases to level 18!
Your Armour skill increases to level 3!
Your Stealth skill increases to level 7! 2 iron dragons come into view.
Found six items.
The iron dragon roars deafeningly!
You puncture the caustic shrike! Your kick misses the caustic shrike.
The caustic shrike is lightly wounded.
The caustic shrike misses you.
An ancient champion comes into view. It is wielding a +0 battleaxe.
You impale the caustic shrike!! You claw the caustic shrike!
Your peck misses the caustic shrike.
The caustic shrike is heavily wounded.
You puncture the caustic shrike! Your kick misses the caustic shrike.
You peck the caustic shrike.
The caustic shrike is severely wounded.
The caustic shrike claws you!!
You emit a cloud of dark smoke.
You are splashed with acid.
You resist. The war gargoyle closely misses you.
You hit the caustic shrike.
The caustic shrike is severely wounded.
Your shadow barely misses the caustic shrike.
You impale the caustic shrike!! Your kick misses the caustic shrike.
You peck the caustic shrike, but do no damage.
The caustic shrike is almost dead.
The caustic shrike claws you!!
* * * LOW HITPOINT WARNING * * *
You emit a cloud of dark smoke.
You are splashed with acid.
You resist.
* * * LOW HITPOINT WARNING * * *
The caustic shrike completely misses you.
The caustic shrike closely misses you.
The war gargoyle launches metal splinters at you.
The spray of metal splinters hits you!!
You die...

▓...8©8...▓.
▓..))"|)=.▓.."|:||..▓.
▓..=zDD[..▓..[RCD=..▓.
▓.........▓.........▓.
▓.........▓..DRhh...▓.
▓.........▓...hh....▓.
▓...19.§..▓...v.....▓.
▓..2bb9...▓...§.....▓.
▓.▓.b@§.▓.▓.........▓.
▓..§§§§...▓....©....▓▓
▓▓▓▓▓▓▓▓▓▓▓▓▓▓▓▓▓▓▓▓▓


You could see a Hell Sentinel, 2 iron dragons, 3 caustic shrikes, an ancient
champion, 2 war gargoyles and a hellion.

Vanquished Creatures
  A draconian scorcher (D)
  A war gargoyle (D)
  A yellow draconian (D)
  A death scarab (D)
  A wretched star (D)
  A wolf spider (D)
  4 draconians (D)
  A black mamba (D)
  A guardian mummy (D)
  2 tarantellas (D)
  A large abomination (D)
  4 spriggans (D)
  A chaos spawn (D)
  A redback (D)
  A naga (D)
  A water moccasin (D)
  2 black bears (D)
  2 wolves (D)
  5 scorpions (D)
  2 crimson imps (D)
  4 quasits (D)
  3 iron imps (D)
  4 mummies (D)
  3 adders (D)
  4 white imps (D)
  2 ufetubi (D)
  A bat zombie (D)
55 creatures vanquished.

Notes
Turn   | Place    | Note
-------+----------+-------------------------------------------
     0 | D        | HendSelp the Tengu Monk began the quest for the Orb.
     0 | D        | Reached XP level 1. HP: 14/14 MP: 2/2
     0 | D        | Found a shimmering blue altar of Sif Muna.
     0 | D        | Found a sacrificial altar of Ru.
     0 | D        | Found a bloodstained altar of Trog.
     0 | D        | Found a stormy altar of Qazlal.
     0 | D        | Found an iron altar of Okawaru.
     0 | D        | Found a sparkling altar of Nemelex Xobeh.
     0 | D        | Found a blossoming altar of Fedhas.
     0 | D        | Found the +6 Majin-Bo {vamp, MP+6 Int+6}
     0 | D        | Found the +9 heavy crossbow "Sniper" {vorpal, Acc+∞ SInv}
     0 | D        | Found the +10 dark maul {vorpal}
     0 | D        | Found the +15 Maxwell's patent armour {-Cast -Tele rElec
                  | Will+ rCorr}
     0 | D        | Found the +18 shield of the Gong {rElec rN+ Will+ EV-5}
     0 | D        | Found the +14 obsidian axe {vorpal, Mesm Drain Fly SInv}
     0 | D        | Found the +7 great mace "Firestarter" {inner flame, rF++}
     0 | D        | Found the +6 shillelagh "Devastator" {shatter}
     0 | D        | Found the +11 plutonium sword {Contam Stlth-}
     0 | D        | Found the +8 lance "Wyrmbane" {slay drac, rPois rF+ rC+
                  | AC+3}
     0 | D        | Found the +9 sword of Zonguldrok {reap}
     0 | D        | Found the +13 scythe of Curses {drain, Drain}
     0 | D        | Found the +5 sword of Power {vorpal}
     0 | D        | Found the +7 mace of Variability {chain chaos}
     0 | D        | Found the +7 Singing Sword {vorpal, sonic wave}
     0 | D        | Found the +8 storm bow {elec, penet}
     2 | D        | Found a transporter.
     2 | D        | Found an ancient bone altar of Kikubaaqudgha.
     2 | D        | Found a viscous altar of Jiyva.
     2 | D        | Found a corrupted altar of Lugonu.
     2 | D        | Found a hazy altar of Hepliaklqana.
     2 | D        | Found a burning altar of Makhleb.
     2 | D        | Found an opulent altar of Gozag.
    46 | D        | Reached XP level 2. HP: 19/19 MP: 3/3
    58 | D        | Became a worshipper of Dithmenos the Shadowed
    58 | D        | Reached * piety under Dithmenos
    58 | D        | Reached ** piety under Dithmenos
    71 | D        | Entered arena 2.
    71 | D        | Found a transporter.
    77 | D        | Reached skill level 4 in Short Blades
    77 | D        | Reached XP level 3. HP: 23/24 MP: 4/4
    85 | D        | Entered arena 3.
    85 | D        | Noticed a chaos spawn
    85 | D        | Found a transporter.
    91 | D        | Killed a chaos spawn
    92 | D        | Reached skill level 5 in Fighting
    92 | D        | Reached skill level 6 in Short Blades
    92 | D        | Reached skill level 10 in Dodging
    92 | D        | Reached XP level 4. HP: 22/32 MP: 5/5
    92 | D        | Gained mutation: Your magical nature lets you fly swiftly
                  | and evasively. [Tengu growth]
    92 | D        | Reached XP level 5. HP: 25/36 MP: 6/6
    95 | D        | Reached *** piety under Dithmenos
    96 | D        | Reached skill level 7 in Short Blades
    97 | D        | Reached XP level 6. HP: 27/41 MP: 7/7
   111 | D        | Entered arena 4.
   111 | D        | Noticed a spriggan
   111 | D        | Noticed a black bear
   111 | D        | Noticed a spriggan
   111 | D        | Found a transporter.
   117 | D        | Reached skill level 8 in Short Blades
   117 | D        | Killed a black bear
   119 | D        | Killed a spriggan
   119 | D        | Reached **** piety under Dithmenos
   120 | D        | Reached skill level 9 in Short Blades
   120 | D        | Reached XP level 7. HP: 35/48 MP: 8/8
   121 | D        | Killed a spriggan
   122 | D        | Reached skill level 10 in Short Blades
   174 | D        | Entered arena 5.
   174 | D        | Noticed a spriggan
   174 | D        | Noticed a spriggan
   174 | D        | Found a transporter.
   180 | D        | Killed a spriggan
   181 | D        | Reached XP level 8. HP: 39/55 MP: 9/9
   183 | D        | Killed a spriggan
   184 | D        | Reached skill level 11 in Short Blades
   193 | D        | Reached ***** piety under Dithmenos
   340 | D        | Entered arena 6.
   340 | D        | Noticed a draconian
   340 | D        | Noticed a draconian
   340 | D        | Noticed a draconian
   340 | D        | Noticed a yellow draconian
   340 | D        | Noticed a draconian
   340 | D        | Found a transporter.
   347 | D        | Killed a draconian
   348 | D        | Reached skill level 12 in Short Blades
   348 | D        | Killed a draconian
   349 | D        | Reached skill level 10 in Fighting
   349 | D        | Reached skill level 13 in Short Blades
   349 | D        | Reached XP level 9. HP: 62/62 MP: 10/10
   353 | D        | Killed a draconian
   364 | D        | Killed a yellow draconian
   365 | D        | Reached skill level 14 in Short Blades
   365 | D        | Reached skill level 15 in Dodging
   374 | D        | Killed a draconian
   375 | D        | Reached skill level 15 in Short Blades
   375 | D        | Reached XP level 10. HP: 44/70 MP: 11/11
   508 | D        | Got the +0 pair of gloves of the Stone Wall {rN+ Int-3
                  | Dex+2}
   517 | D        | Entered arena 7.
   517 | D        | Noticed a death scarab
   518 | D        | Found a transporter.
   527 | D        | Reached skill level 5 in Stealth
   529 | D        | Killed a death scarab
   530 | D        | Reached skill level 16 in Short Blades
   531 | D        | Reached ****** piety under Dithmenos
   548 | D        | Got the ring "Dafoeps" {Fire *Slow rN+ Stlth+}
   559 | D        | Entered arena 8.
   559 | D        | Noticed a black mamba
   560 | D        | Found a transporter.
   576 | D        | Killed a black mamba
   591 | D        | HP: 3/71 [poisoned by a water moccasin]
   915 | D        | Got Bakuaj's Incunabulum of the Volcanoes and Moulding
   926 | D        | Entered arena 9.
   926 | D        | Noticed a wretched star
   926 | D        | Noticed a red draconian scorcher
   927 | D        | Found a transporter.
   946 | D        | Killed a wretched star
   953 | D        | Reached skill level 17 in Short Blades
   969 | D        | Killed a red draconian scorcher
  1154 | D        | Entered arena 10.
  1155 | D        | Found a transporter.
  1175 | D        | Reached XP level 11. HP: 73/76 MP: 12/12
  1186 | D        | Got the +4 ring mail "Cigo Kuij" {Str+4 Int+3}
  1189 | D        | Got the ring "Woinola" {+Blink rCorr EV+4 Str+2 Int-4}
  1193 | D        | Entered arena 11.
  1193 | D        | Noticed a wolf spider
  1194 | D        | Found a transporter.
  1201 | D        | Reached skill level 1 in Armour
  1201 | D        | Reached skill level 1 in Evocations
  1203 | D        | Killed a wolf spider
  1219 | D        | Got the ring "Kiphifu" {Will++ rCorr SInv}
  1229 | D        | Got the Volume of the Mutagenic Volcanoes
  1330 | D        | Entered arena 12.
  1330 | D        | Noticed a hell hog
  1330 | D        | Noticed a fire dragon
  1330 | D        | Noticed a hell hog
  1331 | D        | Noticed a hell hog
  1331 | D        | Noticed a fire dragon
  1331 | D        | Noticed a fire giant
  1332 | D        | Found a transporter.
  1338 | D        | Entered arena 13.
  1338 | D        | Noticed a Hell Sentinel
  1338 | D        | Noticed a war gargoyle
  1338 | D        | Noticed a caustic shrike
  1338 | D        | Noticed a war gargoyle
  1348 | D        | Noticed a war gargoyle
  1349 | D        | Noticed a caustic shrike
  1350 | D        | Noticed a caustic shrike
  1353 | D        | Killed a war gargoyle
  1354 | D        | Reached skill level 18 in Short Blades
  1354 | D        | Noticed an iron dragon
  1354 | D        | Noticed an iron dragon
  1355 | D        | Noticed an ancient champion
  1359 | D        | Killed from afar by a war gargoyle

Illustrated notes

Levels and vault maps discovered:
D:        sprint_v [room_start, room_1, room_2, room_3, room_4, room_5, room_6,
          room_7, room_8, room_9, room_10, room_11, room_12, room_13, room_14,
          room_15, room_16, room_17, room_18, room_19, room_20, room_21,
          room_22, room_23, room_24, room_25, room_26, room_27]

Skill      XL: |  1  2  3  4  5  6  7  8  9 10 11 |
---------------+----------------------------------+-----
Dodging        | 8 9 10 12 14 15 17 | 17.6
Short Blades   | 4 6 7 9 10 13 15 17 18 | 18.1
Fighting       | 5 6 7 8 10 11 12 13 | 13.6
Stealth        | 3 4 6 7 |  7.5
Armour         | 3 |  3.5
Evocations     | 1 |  1.3

Action                   |  1- 3 |  4- 6 |  7- 9 | 10-12 || total
-------------------------+-------+-------+-------+-------++-------
Melee: Rapier            |    12 |    11 |    49 |   122 ||   194
       Kick              |     5 |     3 |    22 |    58 ||    88
       Peck              |     2 |     2 |     9 |    29 ||    42
       Punch             |       |       |     2 |     3 ||     5
Evoke: Condenser vane    |       |       |     1 |     2 ||     3
  Use: Potion            |     1 |     1 |       |    10 ||    12
       Scroll            |       |       |       |     1 ||     1
 Stab: Confused          |       |       |       |     2 ||     2
       Sleeping          |       |       |       |     4 ||     4
Armor: Robe              |     4 |     1 |     2 |     5 ||    12
Dodge: Dodged            |    36 |    31 |    58 |   110 ||   235

Table legend: (Time is in decaauts)
 A = Elapsed time spent in this place.
 B = Non-inter-level travel time spent in this place.
 C = Inter-level travel time spent in this place.
 D = Time resting spent in this place.
 E = Time spent auto-exploring this place.
 F = Levels seen in this place.
 G = Mean time per level.
                   A        B        C        D        E       F      G
               +--------+--------+--------+--------+--------+-----+--------+
         Total |   1236 |   1236 |      0 |    886 |     10 |   1 | 1236.0 |
       Dungeon |   1236 |   1236 |      0 |    886 |     10 |   1 | 1236.0 |
               +--------+--------+--------+--------+--------+-----+--------+

Top non-repeatable levels by time:
       D: 1236 daAuts
